 Dungeon Crawl Stone Soup version 0.21-a0-51-gea492e9 (webtiles) character file.

3135 Ijustatesigmund the Conjurer (level 9, -6/58 HPs)
             Began as an Octopode Wizard on June 12, 2017.
             Killed from afar by an orc wizard (9 damage)
             ... with a magic dart
             ... on level 8 of the Dungeon.
             The game lasted 00:26:35 (10159 turns).

Ijustatesigmund the Conjurer (Octopode Wizard)     Turns: 10159, Time: 00:26:35

Health: -6/58      AC:  3    Str:  6    XL:     9   Next: 92%
Magic:  29/29      EV: 13    Int: 21    God:
Gold:   480        SH:  0    Dex: 13    Spells: 20/23 levels left

rFire    . . .     SeeInvis .   p - +5 flail
rCold    . . .     Gourm    .   r - +1 buckler
rNeg     . . .     Faith    .   n - +2 hat
rPois    .         Spirit   .   (no amulet)
rElec    .         Reflect  .   e - ring of resist corrosion
rCorr    +         Harm     .   f - ring of stealth
MR       .....                  y - ring of magical power
Stlth    +++.......             (no ring)
Regen    0.2/turn               (no ring)
MPRegen  0.3/turn               (no ring)
                                (no ring)
                                (no ring)

@: confused, hasted, very quick
A: almost no armour, stealthy swim, amphibious, 8 rings, constrict 8, camouflage
1, gelatinous body 1
a: no special abilities


You were on level 8 of the Dungeon.
You were not hungry.

You visited 2 branches of the dungeon, and saw 9 of its levels.
You also visited: Sewer.

You collected 480 gold pieces.

Inventory:

Hand Weapons
 p - a +5 flail (weapon)
Armour
 n - a +2 hat (worn)
 r - a +1 buckler (worn)
Jewellery
 e - a ring of resist corrosion (left tentacle)
 f - a ring of stealth (right tentacle)
 y - a ring of magical power (on tentacle)
Wands
 c - a wand of acid (0/15)
 t - a wand of iceblast (0/15)
 v - a wand of polymorph (0/24)
 D - a wand of flame (22/48)
Scrolls
 g - a scroll of magic mapping
 o - 9 scrolls of teleportation
 x - 4 scrolls of amnesia
 z - a scroll of recharging {unknown}
 A - a scroll of blinking {unknown}
 C - a scroll of identify
 F - a scroll of remove curse
Potions
 a - a potion of brilliance {unknown}
 i - a potion of haste
 k - 2 potions of flight {unknown}
 m - a potion of resistance {unknown}
 q - a potion of lignification
 s - a potion of agility
 u - a potion of ambrosia
 w - a potion of berserk rage {unknown}
Books
 b - a book of Minor Magic

   Spells                             Type                      Level
   a - Magic Dart                     Conjuration                  1
   b - Blink                          Translocation                2
   c - Call Imp                       Summoning                    2
   d - Slow                           Hexes                        2
   e - Conjure Flame                  Conjuration/Fire             3
   f - Mephitic Cloud                 Conjuration/Poison/Air       3
Comestibles
 d - 4 bread rations
 j - 4 meat rations
 l - 2 fruits
 B - 3 royal jellies
 E - a chunk of flesh


   Skills:
 + Level 4.1 Fighting
 - Level 4.5 Maces & Flails
 - Level 2.3 Dodging
 - Level 2.6 Stealth
 - Level 3.2 Shields
 + Level 7.7 Spellcasting
 + Level 7.8 Conjurations
   Level 1.0 Summonings
 - Level 2.4 Translocations


You had 20 spell levels left.
You knew the following spells:

 Your Spells              Type           Power        Failure   Level  Hunger
a - Magic Dart            Conj           ####         1%          1    None
b - Blink                 Tloc           N/A          4%          2    None


Dungeon Overview and Level Annotations

Branches:
Dungeon (8/15)             Temple (1/1) D:4
   Lair: D:8-11

Altars:
Ashenzari
Dithmenos
Fedhas
Gozag
Hepliaklqana
Kikubaaqudgha
Makhleb
Nemelex Xobeh
Okawaru
Qazlal
Ru
Sif Muna
Trog
Uskayaw
Vehumet
Wu Jian
Xom
Yredelemnul
Zin
The Shining One


Innate Abilities, Weirdness & Mutations

You cannot wear most types of armour.
You are very stealthy in the water. (Stealth+)
You are amphibious.
You can wear up to eight rings at the same time.
You can use your tentacles to constrict eight enemies at once.
Your skin changes colour to match your surroundings (Stealth+).
Your rubbery body absorbs attacks. (AC +1, EV +1)


Message History

You hear some strange, mumbled words.
A magic dart appears from out of thin air!
The magic dart hits you!
* * * LOW HITPOINT WARNING * * *
You miss something. You closely miss something.
You hear some strange, mumbled words.
A puff of flame appears from out of thin air!
The puff of flame hits you!
* * * LOW HITPOINT WARNING * * *
You miss something.
You hear some strange, mumbled words.
A magic dart appears from out of thin air!
The magic dart hits you!
* * * LOW HITPOINT WARNING * * *
You bump into the rock wall.
You hear some strange, mumbled words.
A magic dart appears from out of thin air!
The magic dart hits you!
You die...

#)..### .#
#.<...####.#
#...#......#
#######..####
###### ####.....#
#....####....###.#
#....##.[.#### .
#.......###
#@....### #.{..##
#..))# #.....#
#####..# .(..
..... ))... ......


There were no monsters in sight!

Vanquished Creatures
  Grinder (D:4)
  Sigmund (D:4)
  Eustachio (D:4)
  2 phantoms
  A sky beast (D:6)
  2 orc warriors
  A black bear (D:6)
  A necrophage (D:6)
  A tengu (D:7)
  4 ogres
  3 centaurs
  2 scorpions
  2 howler monkeys (D:6)
  5 crimson imps (D:6)
  A centaur zombie (D:7)
  A bullfrog skeleton (D:7)
  5 orc priests
  7 hounds
  A centaur skeleton (D:8)
  5 orc wizards (D:7)
  5 worker ants
  A hound zombie (D:5)
  2 hound skeletons
  4 gnolls (D:6)
  7 adders
  2 shadow imps
  2 adder skeletons
  3 worms
  2 dart slugs (D:2)
  6 leopard geckos
  19 orcs
  6 ball pythons
  A giant cockroach (D:5)
  4 goblins
  7 hobgoblins (D:1)
  19 jackals
  4 quokkas
  6 bats
  6 frilled lizards
  7 kobolds
  4 rats
164 creatures vanquished.

Vanquished Creatures (others)
  An orc warrior (D:6)
  A black bear (D:6)
  An ogre (D:6)
  2 bullfrogs (D:6)
  A leopard gecko (D:6)
6 creatures vanquished.

Grand Total: 170 creatures vanquished

Notes
Turn   | Place    | Note
-------+----------+-------------------------------------------
     0 | D:1      | Ijustatesigmund the Octopode Wizard began the quest for the Orb.
     0 | D:1      | Reached XP level 1. HP: 11/11 MP: 4/4
   203 | D:1      | Reached XP level 2. HP: 7/17 MP: 0/6
   887 | D:1      | Learned a level 2 spell: Blink
  1059 | D:1      | Reached XP level 3. HP: 21/21 MP: 3/7
  1731 | D:2      | Found a faded altar of an unknown god.
  1915 | D:2      | Found a deep blue altar of Sif Muna.
  2097 | D:2      | Reached XP level 4. HP: 27/27 MP: 9/9
  2849 | D:4      | Noticed Sigmund
  2905 | D:4      | Reached skill level 1 in Shields
  2905 | D:4      | Reached XP level 5. HP: 11/31 MP: 0/11
  3332 | D:4      | Noticed a phantom
  3396 | D:5      | Entered Level 5 of the Dungeon
  3507 | D:5      | Found an ancient bone altar of Kikubaaqudgha.
  3711 | D:5      | Reached XP level 6. HP: 29/36 MP: 0/12
  4147 | D:5      | Found a blossoming altar of Fedhas.
  4318 | D:5      | Noticed a sky beast
  4533 | D:4      | Killed a phantom
  4533 | D:4      | Reached skill level 1 in Fighting
  4533 | D:4      | Reached XP level 7. HP: 38/43 MP: 0/14
  4816 | D:4      | Noticed Eustachio
  4867 | D:4      | Killed Eustachio
  4867 | D:4      | Reached skill level 5 in Spellcasting
  4946 | D:4      | Killed Sigmund
  5169 | D:4      | Reached skill level 5 in Conjurations
  5169 | D:4      | Reached XP level 8. HP: 50/52 MP: 9/16
  5240 | D:4      | Found a staircase to the Ecumenical Temple.
  5243 | D:4      | Noticed Grinder
  5250 | D:4      | Paralysed by Grinder for 3 turns
  5257 | D:4      | Paralysed by Grinder for 7 turns
  5267 | D:4      | Paralysed by Grinder for 3 turns
  5271 | D:4      | Paralysed by Grinder for 3 turns
  5275 | D:4      | Killed Grinder
  5745 | Temple   | Entered the Ecumenical Temple
  6174 | D:6      | Found a glowing drain.
  6196 | Sewer    | Entered a sewer
  6866 | D:6      | Reached skill level 1 in Maces & Flails
  7103 | D:6      | Found a shimmering altar of Xom.
  7123 | D:6      | Reached XP level 9. HP: 58/58 MP: 18/18
  7661 | D:7      | HP: 2/58 [centaur (6)]
  9569 | D:7      | Found an opulent altar of Gozag.
  9573 | D:7      | Found a glowing golden altar of the Shining One.
  9573 | D:7      | Found a hide-covered altar of Uskayaw.
  9576 | D:7      | Found a bloodstained altar of Trog.
 10158 | D:8      | HP: 1/58 [something/magic dart (6)]
 10159 | D:8      | Killed from afar by an orc wizard

Vault maps used:
D:1:      nagdon_arrival_zigzag_paths, chequers_big_river
D:2:      chequers_ecumenical_altar_lobes, lemuel_blue_sif_altar
D:4:      temple_statues, uniq_sigmund, uniq_eustachio, uniq_grinder
D:5:      fedhas_altar_1, lemuel_round_altar, first_bread
D:6:      xom_confusion_cloud, cheibrodos_sewer_entry_bend
D:7:      grunt_temple_overflow_open, minmay_misc_feat_room
D:8:      lemuel_doored_altar, marbit_many_paths
Temple:   cyrus_circular_temple
Sewer:    sewer_co_scattered_pipes

Skill      XL: |  1  2  3  4  5  6  7  8  9 |
---------------+----------------------------+-----
Conjurations   | 2 3 4 5 6 7 |  7.8
Shields        | 1 2 3 |  3.2
Spellcasting   | 4 5 6 7 |  7.7
Fighting       | 1 3 4 |  4.1
Translocations | 2 |  2.4
Maces & Flails | 1 4 |  4.5
Dodging        | |  2.3
Stealth        | |  2.6
Summonings     | |  1.0

Action                   |  1- 3 |  4- 6 |  7- 9 || total
-------------------------+-------+-------+-------++-------
Melee: Hand axe          |    15 |     1 |       ||    16
       Constrict         |     6 |     4 |    20 ||    30
       Tentacles         |     3 |     1 |    14 ||    18
       Flail             |       |    24 |   114 ||   138
 Cast: Magic Dart        |    69 |   136 |   386 ||   591
       Blink             |       |     1 |    11 ||    12
Evoke: Wand              |       |       |    12 ||    12
  Use: Scroll            |     2 |     6 |     8 ||    16
       Potion            |       |     1 |     8 ||     9
 Stab: Sleeping          |     2 |     1 |     1 ||     4
       Distracted        |     1 |       |       ||     1
       Invisible         |       |       |     1 ||     1
  Eat: Chunk             |     3 |     3 |    18 ||    24
       Bread ration      |       |     1 |       ||     1
Armor: Skin              |     4 |     9 |    37 ||    50
Dodge: Dodged            |    15 |    35 |   163 ||   213
Block: Buckler           |       |    16 |    69 ||    85
